 Dungeon Crawl Stone Soup version 0.25.1-2-g60ff931df9 (webtiles) character file.

Game seed: 13086237354372665766

322 H0rd4k the Insei (level 6, -4/38 HPs)
             Began as an Octopode Transmuter on Aug 25, 2020.
             Killed from afar by an orc wizard (11 damage)
             ... with a magic dart
             ... on level 4 of the Dungeon.
             The game lasted 00:03:46 (3900 turns).

H0rd4k the Insei (Octopode Transmuter)              Turns: 3900, Time: 00:03:47

Health: -4/38      AC:  1    Str:  9    XL:     6   Next: 47%
Magic:  10/10      EV: 14    Int: 18    God:
Gold:   124        SH:  0    Dex: 12    Spells: 5/11 levels left

rFire    x . .     SeeInvis .     - Unarmed
rCold    + . .     Gourm    .   (no shield)
rNeg     . . .     Faith    .   (helmet restricted)
rPois    .         Spirit   .   (no amulet)
rElec    .         Reflect  .   f - ring of flight
rCorr    .         Harm     .   k - ring of ice
MR       .....                  (no ring)
Stlth    +++.......             (no ring)
HPRegen  0.12/turn              (no ring)
MPRegen  0.12/turn              (no ring)
                                (no ring)
                                (no ring)

@: lethally poisoned (-4 -> -4), appendage
A: almost no armour, stealthy swim, amphibious, 8 rings, constrict 8, tentacle
spike 3, camouflage 1, gelatinous body 1
a: End Transformation, Evoke Flight


You were on level 4 of the Dungeon.
You were very hungry.
One of your tentacles had a temporary spike.
You visited 1 branch of the dungeon, and saw 4 of its levels.

You collected 124 gold pieces.

Inventory:

Missiles
 a - 86 arrows
 b - 47 poisoned darts (quivered)
Jewellery
 f - a ring of flight (left tentacle)
 k - a ring of ice (right tentacle)
Scrolls
 d - 5 scrolls of identify {unknown}
 g - a scroll of amnesia {unknown}
 h - a scroll of noise {unknown}
 i - a scroll of magic mapping {unknown}
 n - 2 scrolls of random uselessness {unknown}
Potions
 e - a potion of brilliance {unknown}
 j - a potion of might {unknown}
 l - 2 potions of lignification {unknown}
 m - 2 potions of haste {unknown}
Comestibles
 c - 6 rations


   Skills:
 + Level 1.5 Fighting
 + Level 3.0 Dodging
 + Level 3.2 Stealth
 + Level 4.4 Unarmed Combat
 * Level 3.2 Spellcasting
 * Level 3.3 Transmutations


You had 5 spell levels left.
You knew the following spells:

 Your Spells              Type           Power        Failure   Level  Hunger
a - Beastly Appendage     Tmut           ##....       4%          1    None
b - Sticks to Snakes      Tmut           ##......     6%          2    ##.....
c - Spider Form           Tmut/Pois      #.........   24%         3    ###....

Your spell library contained the following spells:

 Spells                   Type           Power        Failure   Level  Hunger
 Ice Form                 Ice/Tmut       ##......     63%         4    ####...
 Blade Hands              Tmut           ##........   75%         5    ######.


Dungeon Overview and Level Annotations

Branches:
Dungeon (4/15)
 Temple: D:4-7

Altars:

Shops:
D:4 =


Innate Abilities, Weirdness & Mutations

You cannot wear most types of armour.
You are very stealthy in the water. (Stealth+)
You are amphibious.
You can wear up to eight rings at the same time.
You can use your tentacles to constrict eight enemies at once.
Your skin changes colour to match your surroundings (Stealth+).
Your rubbery body absorbs attacks. (AC +1, EV +1)
One of your tentacles bears a large vicious spike.


Message History

You kill the orc!
The orc priest completely misses you.
You tentacle-slap the orc. Your grab misses the orc.
The orc is lightly wounded.
The orc priest invokes the aid of Beogh against you.
Beogh smites you! The orc completely misses you.
You feel sick.
The orc priest mumbles some strange prayers to Beogh against you.
Pain shoots through your body!
* * * LOW HITPOINT WARNING * * *
The orc wizard points at you and mumbles some strange words.
You resist with some effort.
You open the door. The orc hits you.
* * * LOW HITPOINT WARNING * * *
There is an open door here.
You feel sick. The orc wizard casts a spell at you. The magic dart hits you!
You die...

#.....###.# #.#..
##.#......###....
####............
##...........
###..#.#....
####..##.....
######..#.........
#....#....#......#
#@#.<.....#.....##
##'##.............#
##≈o≈##o..........##
##≈≈o≈≈≈#............
#≈≈...≈o#o...........
+......≈)............
#≈≈...≈####......##.#
##≈≈.≈≈##.......##>.#
##≈.≈#............##


You could see an orc priest, an orc wizard (fast) and an orc.

Vanquished Creatures
  3 hounds
  Terence (D:2)
  2 worker ants (D:4)
  9 adders
  2 worms
  A leopard gecko (D:2)
  11 orcs
  A ball python (D:2)
  8 bats
  4 giant cockroaches
  3 goblins
  7 hobgoblins
  2 quokkas
  2 frilled lizards
  4 kobolds
  7 rats
67 creatures vanquished.

Notes
Turn   | Place    | Note
-------+----------+-------------------------------------------
     0 | D:1      | H0rd4k the Octopode Transmuter began the quest for the Orb.
     0 | D:1      | Reached XP level 1. HP: 13/13 MP: 3/3
   306 | D:1      | Reached XP level 2. HP: 18/18 MP: 5/5
   711 | D:2      | Reached XP level 3. HP: 10/23 MP: 5/7
   728 | D:2      | Reached XP level 4. HP: 13/28 MP: 6/8
  1036 | D:2      | Noticed Terence
  1044 | D:2      | Killed Terence
  1044 | D:2      | Reached skill level 1 in Stealth
  1044 | D:2      | Reached skill level 4 in Unarmed Combat
  1138 | D:2      | Reached XP level 5. HP: 31/33 MP: 9/9
  1942 | D:2      | Learned a level 2 spell: Sticks to Snakes
  1946 | D:2      | Learned a level 3 spell: Spider Form
  3450 | D:4      | Reached XP level 6. HP: 19/38 MP: 10/10
  3807 | D:4      | Found Foitzamioc's Jewellery Boutique.
  3900 | D:4      | Killed from afar by an orc wizard

Illustrated notes

Levels and vault maps discovered:
D:1:      minmay_arrival_four_loops, layout_basic
D:2:      layout_basic, first_ration, uniq_terence
D:3:      layout_basic, hangedman_decor_clover_reticule, roderic_roman_lattice,
          kennysheep_generic_room_14
D:4:      layout_cave_pools, serial_shops, nicolae_shop_stone,
          kennysheep_small_circle

Skill      XL: |  1  2  3  4  5  6 |
---------------+-------------------+-----
Stealth        | 1 2 3 |  3.2
Unarmed Combat | 4 |  4.4
Transmutations | 3 |  3.3
Spellcasting   | 3 |  3.2
Dodging        | 3 |  3.0
Fighting       | |  1.5

Action                   |  1- 3 |  4- 6 || total
-------------------------+-------+-------++-------
Melee: Unarmed           |    49 |   149 ||   198
       Constrict         |    15 |    30 ||    45
       Tentacles         |    10 |    21 ||    31
       Kick              |     1 |    10 ||    11
       Punch             |       |     3 ||     3
 Cast: Beastly Appendage |     1 |     8 ||     9
 Stab: Sleeping          |     3 |     7 ||    10
       Distracted        |       |     1 ||     1
  Eat: Chunk             |       |     8 ||     8
Armor: Skin              |     4 |    10 ||    14
Dodge: Dodged            |    32 |   101 ||   133
